 Dungeon Crawl Stone Soup version 0.28.0-43-g3370ac3207 (webtiles) character file.

Game seed: 18157950102253568922

60 nickcage the Chopper (level 4, -5/39 HPs)
             Began as a Hill Orc Abyssal Knight on Mar 22, 2022.
             Was a Believer of Lugonu.
             Slain by a gnoll
             ... wielding a +0 flail
              (12 damage)
             ... on level 1 of the Dungeon.
             The game lasted 00:03:37 (1617 turns).

nickcage the Chopper (Hill Orc Abyssal Knight)      Turns: 1617, Time: 00:03:38

Health: -5/39      AC:  4    Str: 17    XL:     4   Next: 6%
Magic:  5/5        EV: 11    Int: 10    God:    Lugonu [**....]
Gold:   41         SH:  0    Dex: 11    Spells: 3/3 levels left

rFire   . . .      SeeInvis .   a - +1 hand axe
rCold   . . .      Faith    .   (no shield)
rNeg    . . .      Spirit   .   b - +0 leather armour
rPois   .          Reflect  .   (no helmet)
rElec   .          Harm     .   (no cloak)
rCorr   .          Rampage  .   (no gloves)
Will    .....                   g - +0 pair of boots
Stlth   +.........              (no amulet)
HPRegen 0.13/turn               (no ring)
MPRegen 0.09/turn               (no ring)

@: no status effects
A: no striking features
a: Renounce Religion, Depart the Abyss, Bend Space


You were on level 1 of the Dungeon.
You worshipped Lugonu.
Lugonu was pleased with you.
You visited 1 branch of the dungeon, and saw 2 of its levels.
You visited the Abyss 1 time.

You collected 41 gold pieces.

Inventory:

Hand Weapons
 a - a +1 hand axe (weapon)
Armour
 b - a +0 leather armour (worn)
 g - a +0 pair of boots (worn)
Jewellery
 d - a +4 ring of evasion
Scrolls
 c - a scroll of amnesia {unknown}
 f - a scroll of immolation {unknown}
Potions
 e - a potion of curing {unknown}


   Skills:
 - Level 3.6 Fighting
 + Level 5.6 Axes
 - Level 2.1 Armour
 - Level 0.7 Dodging
 - Level 2.4 Invocations


You had 3 spell levels left.
You didn't know any spells.
Your spell library was empty.

Dungeon Overview and Level Annotations

Branches:
Dungeon (2/15)

Altars:

Shops:
D:1 :


Message History

You hit the gnoll.
The gnoll is moderately wounded.
The gnoll completely misses you.
You hit the gnoll.
The gnoll is severely wounded.
The gnoll barely misses you.
You barely miss the gnoll.
The gnoll is heavily wounded.
The gnoll hits you but does no damage.
You hit the gnoll.
The gnoll is almost dead.
You hit the gnoll. The gnoll hits you with a +0 flail. x2
A gnoll comes into view. It is wielding a +0 short sword.
You barely miss the gnoll.
The gnoll is almost dead.
You barely miss the gnoll.
The gnoll shouts!
The gnoll hits you with a +0 flail. The gnoll closely misses you.
The gnoll hits you with a +0 flail! The gnoll completely misses you.
You are too injured to fight recklessly!
You are too injured to fight recklessly!
The gnoll throws a stone.
The stone hits you.
* * * LOW HITPOINT WARNING * * *
A ball python comes into view.
The ball python hisses angrily.
There is a stone staircase leading up here.
The gnoll hits you with a +0 flail.
* * * LOW HITPOINT WARNING * * *
You climb upwards.
There is a stone staircase leading down here.
You closely miss the gnoll.
The gnoll is moderately wounded.
The gnoll closely misses you.
You closely miss the gnoll.
The gnoll is moderately wounded.
The gnoll closely misses you.
You barely miss the gnoll.
The gnoll is moderately wounded.
The gnoll hits you with a +0 flail!
You die...

########### #.....#.......#...
#.....#.......#...
#.....#.......#...
#.....#.......#... #############
#.....###...###... .....#......#
#.......#'''#..... ....#.##....#
#.)...............
..###..#....####......♣.....♣....
..#....##.......@................
.....#..........g.....♣.....♣....
..##....#....)##.................
...#..###......#......♣.....♣....
...##.#.....#....................
.....#..#...#...#.....♣.....♣....
###.#.......#...#................
#.#.##....#.#..................
#.#.##.#....#.......)...#######


You could see a gnoll.

Vanquished Creatures
  2 gnolls (D:1)
  2 dart slugs (D:1)
  2 ball pythons (D:1)
  2 bats
  2 endoplasms (D:1)
  A giant cockroach (D:1)
  5 goblins
  4 hobgoblins (D:1)
  4 jackals (D:1)
  6 kobolds
  4 rats
34 creatures vanquished.

Vanquished Creatures (others)
  A bat (D:1)
1 creature vanquished.

Grand Total: 35 creatures vanquished

Notes
Turn   | Place    | Note
-------+----------+-------------------------------------------
     0 | Abyss:1  | nickcage the Hill Orc Abyssal Knight began the quest for
                  | the Orb.
     0 | Abyss:1  | Reached XP level 1. HP: 19/19 MP: 2/2
     8 | D:1      | Escaped the Abyss
    63 | D:1      | Reached skill level 3 in Axes
   306 | D:1      | Found Duism's Book Emporium.
   321 | D:1      | Reached XP level 2. HP: 21/26 MP: 3/3
   505 | D:1      | Reached skill level 4 in Axes
   650 | D:1      | Reached XP level 3. HP: 21/31 MP: 4/4
   800 | D:1      | Reached ** piety under Lugonu
   937 | D:1      | Reached skill level 5 in Axes
  1263 | D:1      | Reached XP level 4. HP: 33/39 MP: 5/5
  1617 | D:1      | Slain by a gnoll

Illustrated notes

Levels and vault maps discovered:
D:1:      wander_arrival_estate, layout_basic, serial_shops, shop,
          roderic_roman_lattice, minmay_pentomino_z4
D:2:      layout_basic, serial_shops, shop_fountains,
          ebering_ecumenical_altar_petrified

Skill      XL: |  1  2  3 |
---------------+----------+-----
Axes           | 3 4 5 |  5.6
Fighting       | |  3.6
Armour         | |  2.1
Dodging        | |  0.7
Invocations    | |  2.4

Action                   |  1- 3 |  4- 6 || total
-------------------------+-------+-------++-------
Melee: Hand axe          |    99 |    15 ||   114
       Punch             |     2 |       ||     2
Armor: Leather armour    |    39 |     4 ||    43
Dodge: Dodged            |    62 |     8 ||    70
